 Dungeon Crawl Stone Soup version 0.20.1-1-g8b1a95d (webtiles) character file.

350 Lorindel the Insei (level 6, -10/41 HPs)
             Began as an Octopode Transmuter on July 20, 2017.
             Mangled by appiemonkey's ghost (11 damage)
             ... on level 3 of the Dungeon.
             The game lasted 00:27:16 (2846 turns).

Lorindel the Insei (Octopode Transmuter)            Turns: 2846, Time: 00:27:17

Health: -10/41     AC:  2    Str:  9    XL:     6   Next: 60%
Magic:  2/10       EV: 21    Int: 18    God:
Gold:   87         SH:  0    Dex: 17    Spells: 5/11 levels left

rFire    . . .     SeeInvis .     - Unarmed
rCold    . . .     Gourm    .   (shield currently unavailable)
rNeg     . . .     Faith    .   (helmet currently unavailable)
rPois    x         Spirit   .   (no amulet)
rElec    .         Reflect  .   l - ring of protection from magic
rCorr    .         Harm     .   (no ring)
MR       +....                  (no ring)
Stlth    +++.......             (no ring)
Regen    0.6/turn               (no ring)
MPRegen  0.2/turn               (no ring)
                                (no ring)
                                (no ring)

@: spider-form, hasted, very quick
A: almost no armour, stealthy swim, (amphibious), 8 rings, (constrict 8), blurry
vision 1, regeneration 1
a: End Transformation


You were on level 3 of the Dungeon.
You were not hungry.
You were a venomous arachnid creature.
You visited 1 branch of the dungeon, and saw 3 of its levels.

You collected 87 gold pieces.

Inventory:

Hand Weapons
 e - a +2 quarterstaff of chaos (melded)
 n - a +2 mace of protection
Missiles
 a - 38 arrows
 m - 15 poisoned needles
Armour
 g - a +2 cloak
 k - a +1 hat (melded)
Jewellery
 l - a ring of protection from magic (left front leg)
Scrolls
 d - 3 scrolls of immolation
 f - a scroll of teleportation
 h - 2 scrolls of fear
 o - a scroll of fog
Books
 b - a book of Changes

   Spells                             Type                      Level
   a - Beastly Appendage              Transmutation                1
   b - Sticks to Snakes               Transmutation                2
   c - Spider Form                    Transmutation/Poison         3
   d - Ice Form                       Ice/Transmutation            4
   e - Blade Hands                    Transmutation                5
Comestibles
 c - 2 bread rations
 i - 2 royal jellies
 j - 4 chunks of flesh
 r - a meat ration
 s - 4 fruits


   Skills:
 + Level 2.5 Fighting
 + Level 1.1 Staves
 + Level 3.0 Dodging
 + Level 3.3 Stealth
 + Level 3.6 Unarmed Combat
 + Level 3.0 Spellcasting
 + Level 3.2 Transmutations
 + Level 2.0 Poison Magic


You had 5 spell levels left.
You knew the following spells:

 Your Spells              Type           Power        Failure   Level  Hunger
a - Beastly Appendage     Tmut           ##....       13%         1    None
b - Sticks to Snakes      Tmut           ##......     17%         2    ##.....
c - Spider Form           Tmut/Pois      ##........   34%         3    ###....


Dungeon Overview and Level Annotations

Branches:
Dungeon (3/15)

Altars:

Annotations:
D:3 appiemonkey's ghost, amateur MiHu


Innate Abilities, Weirdness & Mutations

You cannot wear most types of armour.
You are very stealthy in the water. (Stealth+)
((You are amphibious.))
You can wear up to eight rings at the same time.
((You can use your tentacles to constrict eight enemies at once.))
((Your skin changes colour to match your surroundings (Stealth+).))
((Your rubbery body absorbs attacks. (AC +1, EV +1)))
((One of your tentacles bears a spike.))
((You are partially covered in large bone plates. (SH +4)))
Scrolls take you a little longer to read.
Your natural rate of healing is unusually fast.


Message History

Appiemonkey's ghost hits your ball python!
Your ball python dies!
Appiemonkey's ghost misses your adder.
Your adder closely misses appiemonkey's ghost.
Casting: Sticks to Snakes
Confirm with . or Enter, or press ? or * to list all spells.
You turn into a venomous arachnid creature.
Your +2 quarterstaff of chaos melds into your body.
Your +1 hat melds into your body.
Appiemonkey's ghost hits your adder.
Your adder dies!
You hit appiemonkey's ghost but do no damage.
Appiemonkey's ghost is severely damaged.
You hit appiemonkey's ghost.
Appiemonkey's ghost is severely damaged.
Appiemonkey's ghost hits you.
* * * LOW HITPOINT WARNING * * *
You hit appiemonkey's ghost but do no damage.
Appiemonkey's ghost is severely damaged.
Appiemonkey's ghost hits you!
You die...

#.######..# #.# ####### ## #.#
##.# #.# #####. #.#######.##
..?... #.##.......####### ......
#.##.#####.#.....#.$.. ......
...# #####.#.###.#[.. .####. ####
#.....#...#.#... ## ....
#.#.......#.#..
######.........#s#.. .
###....#.#..##.#W#.# ..
..[.##.#.##.##.#.#.# ...
..####.#.....#.#.#.#########.....
#.# #.........#............[<...
#.# #.##..#.........<##..# #.#
#..#..####.#...#..# #.#
#..##.####.###.#..# #.#
#..##..#..........#


You could see appiemonkey's ghost.

Vanquished Creatures
  A scorpion (D:2)
  Crazy Yiuf (D:2)
  3 orc priests (D:3)
  Jessica (D:2)
  A hound zombie (D:3)
  Robin (D:2)
  3 adders (D:2)
  A worm (D:2)
  A dart slug (D:2)
  9 orcs
  3 giant cockroaches
  13 goblins
  12 hobgoblins
  10 jackals
  10 kobolds
  2 quokkas
  7 bats
  8 rats
  A plant (D:1)
88 creatures vanquished.

Vanquished Creatures (collateral kills)
  A kobold (D:1)
1 creature vanquished.

Grand Total: 89 creatures vanquished

Notes
Turn   | Place    | Note
-------+----------+-------------------------------------------
     0 | D:1      | Lorindel the Octopode Transmuter began the quest for the Orb.
     0 | D:1      | Reached XP level 1. HP: 13/13 MP: 3/3
   277 | D:1      | Reached XP level 2. HP: 8/18 MP: 3/5
   508 | D:1      | Learned a level 2 spell: Sticks to Snakes
   543 | D:1      | Reached skill level 1 in Stealth
  1238 | D:2      | Reached XP level 3. HP: 17/23 MP: 4/6
  1243 | D:2      | Learned a level 3 spell: Spider Form
  1555 | D:2      | Noticed Robin
  1572 | D:2      | Noticed Jessica
  1591 | D:2      | Reached XP level 4. HP: 23/28 MP: 1/7
  1600 | D:2      | Killed Robin
  1614 | D:2      | Killed Jessica
  1873 | D:2      | Gained mutation: Your natural rate of healing is unusually fast. [potion of mutation]
  1873 | D:2      | Gained mutation: Scrolls take you a little longer to read. [potion of mutation]
  1873 | D:2      | Gained mutation: One of your tentacles bears a spike. [potion of mutation]
  1873 | D:2      | Gained mutation: You are partially covered in large bone plates. (SH +4) [potion of mutation]
  1938 | D:2      | Found a runed door.
  1943 | D:2      | Noticed Crazy Yiuf
  1952 | D:2      | Killed Crazy Yiuf
  1952 | D:2      | Reached XP level 5. HP: 22/34 MP: 6/9
  2231 | D:3      | Reached skill level 1 in Poison Magic
  2395 | D:3      | Noticed appiemonkey's ghost (amateur MiHu)
  2428 | D:2      | Reached XP level 6. HP: 40/40 MP: 8/10
  2450 | D:3      | Reached skill level 1 in Staves
  2834 | D:3      | HP: 1/41 [something (9)]
  2845 | D:3      | HP: 1/41 [appiemonkey's ghost (4)]
  2846 | D:3      | Mangled by appiemonkey's ghost

Skill      XL: |  1  2  3  4  5  6 |
---------------+-------------------+-----
Stealth        | 1 2 3 |  3.3
Fighting       | 2 |  2.5
Transmutations | 3 |  3.2
Poison Magic   | 1 2 |  2.0
Staves         | 1 |  1.1
Dodging        | 3 |  3.0
Spellcasting   | 3 |  3.0
Unarmed Combat | |  3.6

Action                   |  1- 3 |  4- 6 || total
-------------------------+-------+-------++-------
Melee: Unarmed           |   114 |    65 ||   179
       Constrict         |    30 |    21 ||    51
       Tentacles         |    18 |    13 ||    31
       Kick              |    16 |    20 ||    36
       Punch             |     3 |     4 ||     7
       Quarterstaff      |       |    88 ||    88
 Cast: Beastly Appendage |    23 |     2 ||    25
       Sticks to Snakes  |     1 |     5 ||     6
       Spider Form       |     1 |     5 ||     6
 Abil: End Transformatio |       |     1 ||     1
  Use: Scroll            |     7 |     1 ||     8
       Potion            |       |    10 ||    10
 Stab: Sleeping          |     5 |     6 ||    11
       Confused          |       |     1 ||     1
  Eat: Chunk             |     3 |     5 ||     8
Armor: Skin              |    13 |    21 ||    34
Dodge: Dodged            |    70 |   104 ||   174
Block: Other             |       |    20 ||    20
